Map: Coda LE (Void)

Players

SuperMario

  • Race: Protoss Protoss

Bop - Winner!

  • Race: Zerg Zerg

VOD

Have the link to the VOD?

Description

Time

  • Played on: May 2, 2015, 11:53 p.m.
  • Length: 12:47
Show
View Real Time Build Order
Export as new Build Order

SuperMario Protoss 

Build Orders:  

Get SALT Encoding   

  12  0:01  Probe  
  13  0:15  Pylon  
  13  0:18  Probe  
  14  0:33  Probe (Chrono Boost)  
  15  0:38  Gateway  
  16  0:43  Probe (Chrono Boost)  
  16  0:50  Probe  
  16  0:56  Assimilator  
  17  0:59  Assimilator  
  17  1:02  Probe (Chrono Boost)  
  19  1:13  Probe (Chrono Boost)  
  19  1:25  Cybernetics Core  
  19  1:26  Pylon  
  19  1:28  Probe (Chrono Boost), Pylon  
  21  1:40  Probe (Chrono Boost)  
  21  1:48  Probe (Chrono Boost)  
  22  1:57  Probe  
  23  2:07  Warp Gate  
  23  2:08  Stalker  
  25  2:09  Gateway  
  25  2:11  Probe  
  26  2:23  Probe  
  27  2:42  Nexus  
  26  2:46  Mothership Core (Chrono Boost)  
  28  2:53  Pylon  
  28  2:58  Adept  
  30  3:26  Gateway, Forge  
  30  3:31  Robotics Facility  
  30  3:38  Probe (Chrono Boost)  
  31  3:47  Probe (Chrono Boost)  
  32  3:55  Probe x2 (Chrono Boost)  
  34  4:00  Protoss Ground Weapons Level 1 (Chrono Boost)  
  34  4:05  Probe x2 (Chrono Boost)  
  36  4:12  Probe x2  
  38  4:21  Warp Prism (Chrono Boost)  
  41  4:24  Probe (Chrono Boost)  
  41  4:26  Probe (Chrono Boost)  
  41  4:28  Robotics Bay  
  42  4:40  Probe (Chrono Boost)  
  42  4:44  Probe (Chrono Boost)  
  43  4:49  Probe (Chrono Boost)  
  44  4:56  Probe (Chrono Boost)  
  45  5:01  Assimilator  
  45  5:02  Assimilator  
  45  5:06  Probe (Chrono Boost)  
  46  5:11  Probe (Chrono Boost)  
  46  5:12  Probe (Chrono Boost)  
  52  5:23  Probe  
  52  5:24  Probe  
  52  5:25  Disruptor (Chrono Boost)  
  54  5:31  Disruptor  
  54  5:34  Pylon  
  54  5:35  Probe  
  55  5:37  Probe  
  55  5:40  Pylon  
  56  5:43  Twilight Council  
  56  5:44  Pylon  
  56  5:45  Sentry  
  62  6:01  Disruptor (Chrono Boost)  
  62  6:04  Disruptor  
  62  6:15  Stalker x2  
  66  6:20  Gateway  
  66  6:22  Gateway  
  65  6:25  Gateway  
  65  6:26  Blink (Chrono Boost)  
  65  6:31  Observer (Chrono Boost)  
  64  6:38  Disruptor  
  64  6:44  Probe x2  
  66  6:51  Gateway x2, Protoss Ground Weapons Level 2 (Chrono Boost)  
  66  6:56  Robotics Bay  
  66  6:59  Pylon  
  66  7:00  Stalker  
  66  7:01  Pylon  
  68  7:04  Pylon  
  61  7:37  Disruptor  
  61  7:40  Nexus  
  61  7:46  Stalker  
  61  7:47  Stalker x4  
  75  7:52  Disruptor (Chrono Boost)  
  74  8:00  Probe  
  75  8:12  Probe  
  74  8:21  Warp Prism (Chrono Boost)  
  72  8:27  Stalker x3  
  72  8:32  Pylon  
  72  8:33  Pylon  
  78  8:34  Pylon  
  76  8:56  Disruptor  
  78  9:25  Disruptor  
  70  9:34  Stalker x3  
  70  9:35  Stalker x4  
  49  10:01  Disruptor  
  49  10:03  Zealot x3  
  49  10:04  Zealot  
  37  10:22  Probe (Chrono Boost)  
  35  10:28  Zealot  
  35  10:29  Zealot x6  
  35  10:32  Probe (Chrono Boost)  
  48  10:39  Probe (Chrono Boost)  
  49  10:44  Probe (Chrono Boost)  
  49  10:49  Robotics Facility  
  49  10:51  Probe (Chrono Boost)  
  49  10:56  Probe (Chrono Boost)  
  49  10:57  Adept x4, Disruptor  
  51  11:00  Sentry x2, Probe (Chrono Boost)  
  51  11:02  Probe (Chrono Boost)  
  65  11:08  Probe  
  62  11:41  Stalker x6  
  37  12:10  Stalker  
  37  12:11  Stalker x3  
  37  12:13  Zealot x2  
  49  12:29  Observer (Chrono Boost)  
  48  12:34  Stalker  
  48  12:36  Zealot  
  48  12:37  Zealot x4  
Show
View Real Time Build Order
Export as new Build Order

Bop Zerg - Winner!

Build Orders: Hatch First, Lurkers 

Get SALT Encoding   

  12  0:01  Drone  
  13  0:12  Overlord  
  13  0:19  Drone  
  14  0:30  Drone x2  
  16  0:36  Drone  
  17  0:46  Drone  
  18  0:58  Hatchery  
  17  1:05  Extractor  
  16  1:12  Spawning Pool  
  16  1:16  Drone  
  16  1:20  Drone  
  16  1:22  Drone  
  18  1:30  Drone  
  19  1:39  Drone  
  20  1:59  Queen  
  22  2:05  Metabolic Boost  
  22  2:09  Queen  
  22  2:11  Zergling x4  
  22  2:12  Drone x2  
  28  2:21  Overlord  
  28  2:39  Drone x3, Queen  
  33  2:44  Overlord  
  33  2:56  Lair  
  33  2:58  Drone x3  
  36  3:08  Drone x4  
  40  3:14  Overlord  
  39  3:21  Drone x3  
  39  3:24  Extractor  
  39  3:25  Extractor  
  40  3:31  Drone x4  
  44  3:36  Burrow  
  44  3:37  Overlord  
  44  3:44  Drone x2  
  46  3:56  Drone x5, Infestation Pit  
  50  4:03  Pneumatized Carapace  
  50  4:06  Extractor  
  50  4:09  Zergling x2  
  50  4:14  Drone x2  
  52  4:26  Overlord x2  
  52  4:32  Overseer  
  52  4:36  Swarm Host  
  58  4:42  Overlord x2  
  67  5:14  Drone x3  
  73  5:16  Evolution Chamber  
  73  5:20  Zergling x2  
  73  5:21  Zergling x10  
  78  5:34  Overlord  
  81  5:55  Hatchery  
  86  5:57  Overlord  
  80  6:13  Hive, Zergling x2  
  80  6:14  Zergling x10  
  86  6:25  Overlord x2  
  86  6:31  Spore Crawler x2  
  84  6:37  Queen  
  86  6:45  Drone x4  
  86  6:46  Drone  
  87  6:49  Overlord  
  87  7:01  Overlord  
  79  7:18  Drone x6  
  85  7:23  Queen  
  85  7:27  Ultralisk Cavern  
  86  7:40  Overseer  
  86  7:42  Overseer  
  86  7:43  Zerg Melee Weapons Level 1  
  86  7:46  Drone x3  
  86  7:47  Drone x9  
  98  7:57  Adrenal Glands  
  98  8:01  Hydralisk Den  
  96  8:19  Chitinous Plating  
  88  8:20  Ultralisk  
  94  8:29  Lurker Den  
  94  8:35  Ultralisk  
  94  8:38  Zergling x2  
  94  8:39  Zergling x16  
  109  8:44  Drone  
  110  8:49  Extractor  
  109  8:58  Zergling x16  
  117  9:08  Extractor  
  115  9:11  Zergling x12  
  115  9:13  Overlord  
  119  9:24  Overlord  
  110  9:35  Ultralisk  
  104  9:47  Zergling x22  
  104  9:48  Zergling x2  
  104  9:51  Hydralisk  
  105  10:05  Hydralisk  
  105  10:06  Hydralisk x3  
  92  10:15  Hydralisk x2  
  92  10:21  Hydralisk  
  89  10:28  Hydralisk  
  88  10:37  Lurker x5  
  88  10:40  Hydralisk  
  94  10:50  Drone x3  
  97  10:58  Lurker x4  
  101  11:19  Hydralisk x5  
  106  11:37  Ultralisk, Zergling x2  
  106  11:38  Zergling x8  
  117  11:43  Hydralisk  
  117  11:44  Hydralisk  
  118  11:51  Lurker  
  118  11:54  Zergling x10  
  117  11:59  Hydralisk  
  120  12:09  Drone x6  
Tags
 
Add a new tag
Caveats
  • Supply blocks, unpowered buildings, or Contaminate may cause inaccurate times.
  • Supply counts are checked every 10 seconds.